 Dungeon Crawl Stone Soup version 0.29.1-15-g9cfb28693d (webtiles) character file.

Game seed: 2963770053840602693

132 ThatPearl the Trooper (level 4, -4/40 HPs)
             Began as a Palentonga Fighter on Feb 24, 2023.
             Killed by divine providence
             ... invoked by an orc priest
              (14 damage)
             ... on level 3 of the Dungeon.
             The game lasted 00:04:07 (2292 turns).

ThatPearl the Trooper (Palentonga Fighter)          Turns: 2292, Time: 00:04:07

Health: -4/40      AC:  6    Str: 21    XL:     4   Next: 92%
Magic:  4/4        EV:  7    Int:  9    God:
Gold:   140        SH:  0    Dex: 11    Spells: 3/3 levels left

rFire   . . .      SeeInvis +   a - +0 war axe
rCold   . . .      Faith    .   c - +0 buckler
rNeg    . . .      Spirit   .   f - +0 scale mail
rPois   .          Reflect  .   (no helmet)
rElec   .          Harm     .   (no cloak)
rCorr   .          Rampage  .   (no gloves)
Will    .....                   (no barding)
Stlth   ..........              (no amulet)
HPRegen 0.13/turn               (no ring)
MPRegen 0.09/turn               (no ring)

@: confused
A: large, rugged brown scales 3, see invisible, deformed body, roll 1, armoured
tail
a: Rolling Charge


You were on level 3 of the Dungeon.
You visited 1 branch of the dungeon, and saw 3 of its levels.

You collected 140 gold pieces.

Inventory:

Hand Weapons
 a - a +0 war axe (weapon)
 b - a +2 sling of freezing
 l - a +1 dagger of pain
Missiles
 p - 6 curare-tipped darts
Armour
 c - a +0 buckler (worn)
 f - a +0 scale mail (worn)
 n - a +1 chain mail of fire resistance
Jewellery
 h - a +4 ring of evasion
 u - a ring of protection from fire
Scrolls
 e - a scroll of teleportation {unknown}
 g - 4 scrolls of identify {unknown}
 m - a scroll of torment {unknown}
 q - a scroll of blinking {unknown}
 t - a scroll of enchant armour {unknown}
Potions
 d - 3 potions of might
 i - a potion of resistance {unknown}
 j - a potion of mutation {unknown}
 k - a potion of brilliance {unknown}
 o - 2 potions of attraction {unknown}
 r - 2 potions of magic {unknown}
 s - a potion of lignification {unknown}


   Skills:
 + Level 4.5 Fighting
 + Level 3.8 Axes
 - Level 2.4 Armour
 - Level 2.6 Shields


You had 3 spell levels left.
You didn't know any spells.
Your spell library contained the following spells:

 Spells                   Type           Power      Damage    Failure   Level
 Sandblast                Erth           0%         2d4       80%         1
 Slow                     Hex            0%         N/A       80%         1
 Passwall                 Tmut/Erth      0%         N/A       91%         2
 Confusing Touch          Hex            0%         N/A       99%         3
 Stone Arrow              Conj/Erth      0%         3d7       99%         3
 Vampiric Draining        Necr           0%         2d6       99%         3
 Borgnjor's Revivificati  Necr           0%         N/A       100%        8
 Necromutation            Tmut/Necr      0%         N/A       100%        8
 Death's Door             Necr           0%         N/A       100%        9


Dungeon Overview and Level Annotations

Branches:
Dungeon (3/15)

Altars:


Innate Abilities, Weirdness & Mutations

You are completely covered in rugged brown scales. (AC +3, +7% HP)
You have supernaturally acute eyesight. (SInv)
Armour fits poorly on your strangely shaped body.
You can roll at nearby foes to attack.
You have a long armoured tail.


Message History

The orc wizard shouts!
There's nothing you can charge at!
Unknown command.
An orc priest comes into view. It is wielding a +0 hand axe.
The orc priest shouts!
You hear a shout!
Roll where?
Press: ? - help, Q - select action, (/) - cycle Dir - move target, f - orc wizard
Aim: an orc wizard, wielding a +0 dagger and wearing a +0 robe You roll forward with a clatter of scales!
You barely miss the orc wizard.
An orc comes into view. It is wielding a +0 falchion.
The orc priest invokes the aid of Beogh against you.
Beogh smites you!
The orc wizard hits you but does no damage.
You barely miss the orc priest. You hit the orc wizard.
You barely miss the orc. You block the orc's attack.
The orc priest hits you with a +0 hand axe.
The orc wizard barely misses you.
An orc comes into view. It is wielding a +0 whip.
The orc completely misses you.
The orc wizard points at you and mumbles some strange words.
You are confused.
The orc priest hits you with a +0 hand axe.
You miss the orc priest. You closely miss the orc. You miss the orc wizard.
The orc hits you with a +0 falchion.
The orc priest hits you but does no damage.
The orc wizard gestures at you while chanting.
You resist with some effort.
You barely miss the orc wizard.
The orc wizard is moderately wounded.
You miss the orc. You closely miss the orc priest.
The orc hits you with a +0 falchion!
The orc priest hits you but does no damage.
The orc wizard hits you but does no damage.
You barely miss the orc priest. You barely miss the orc wizard.
You closely miss the orc. The orc hits you with a +0 falchion.
* * * LOW HITPOINT WARNING * * *
The orc priest invokes the aid of Beogh against you.
Beogh smites you!
You die...

#.#.> #.#.. #.#.. ###
########.#.. #..
........#..# # #.#
########.### ##. #.#
####.#
#...##o########...(#
#oo@.............#
#....o##########....#
##...# ##...# ##..
#...# #. #..<# #.
#...# # #...# #...#


You could see an orc priest, an orc wizard and 2 orcs.

Vanquished Creatures
  A hound (D:3)
  An adder (D:3)
  2 gnolls (D:1)
  2 worms
  2 dart slugs (D:1)
  10 endoplasms
  2 giant cockroaches
  2 hobgoblins (D:1)
  13 jackals
  3 kobolds (D:1)
  3 quokkas
  3 ball pythons (D:1)
  2 frilled lizards
  5 goblins
  7 rats
58 creatures vanquished.

Notes
Turn   | Place    | Note
-------+----------+-------------------------------------------
     0 | D:1      | ThatPearl the Palentonga Fighter began the quest for the
                  | Orb.
     0 | D:1      | Reached XP level 1. HP: 19/19 MP: 1/1
   146 | D:1      | Reached XP level 2. HP: 23/25 MP: 2/2
   773 | D:1      | Reached XP level 3. HP: 31/31 MP: 3/3
  1082 | D:1      | Reached skill level 4 in Fighting
  1324 | D:2      | Reached XP level 4. HP: 36/39 MP: 4/4
  2292 | D:3      | Killed from afar by an orc priest

Illustrated notes

Levels and vault maps discovered:
D:1:      psy_arrival_statuary, layout_basic
D:2:      layout_loops_ring
D:3:      layout_loops_ring

Skill      XL: |  1  2  3 |
---------------+----------+-----
Axes           | 3 |  3.8
Fighting       | 4 |  4.5
Armour         | |  2.4
Shields        | |  2.6

Action                   |  1- 3 |  4- 6 || total
-------------------------+-------+-------++-------
Melee: War axe           |    86 |    54 ||   140
       Tailslap          |    12 |     1 ||    13
 Fire: Sling             |     4 |       ||     4
 Abil: Rolling Charge    |     1 |     4 ||     5
Armor: Scale mail        |    46 |    22 ||    68
Dodge: Dodged            |    34 |    22 ||    56
Block: Buckler           |    15 |     8 ||    23
